 Dungeon Crawl Stone Soup version 0.31-a0-221-gbddc013574 (webtiles) character file.

Game seed: 17247713240444793476

77 Iniera the Slasher (level 4, -1/26 HPs)
             Began as a Tengu Gladiator on July 5, 2023.
             Killed from afar by an orc wizard (5 damage)
             ... with a magic dart
             ... on level 3 of the Dungeon.
             The game lasted 00:01:52 (1427 turns).

Iniera the Slasher (Tengu Gladiator)                Turns: 1427, Time: 00:01:53

Health: -1/26      AC:  4    Str: 14    XL:     4   Next: 34%
Magic:  5/5        EV: 13    Int:  8    God:
Gold:   109        SH:  0    Dex: 18    Spells: 3/3 levels left

rFire   . . .        a - +0 long sword
rCold   . . .        (no shield)
rNeg    . . .        b - +0 leather armour
rPois   .            c - +1 hat
rElec   .            (no cloak)
rCorr   .            (no gloves)
SInv    .            (boots unavailable)
Will    .....        f - amulet of the acrobat
Stlth   +            (no ring)
HPRegen 0.24/turn    (no ring)
MPRegen 0.09/turn

%: acrobat
@: no status effects
A: beak, talons 3
a: no special abilities


You were on level 3 of the Dungeon.
You visited 1 branch of the dungeon, and saw 3 of its levels.

You collected 109 gold pieces.

Inventory:

Hand Weapons
 a - a +0 long sword (weapon)
Missiles
 d - 3 throwing nets (quivered)
 e - a javelin
Armour
 b - a +0 leather armour (worn)
 c - a +1 hat (worn)
Jewellery
 f - an amulet of the acrobat (around neck)
 o - a +4 ring of slaying
Potions
 h - a potion of heal wounds {unknown}
 i - a potion of ambrosia {unknown}
 m - a potion of brilliance {unknown}


   Skills:
 - Level 2.0 Fighting
 * Level 4.9 Long Blades
 - Level 2.0 Throwing
 + Level 4.1 Dodging


You had 3 spell levels left.
You didn't know any spells.
Your spell library contained the following spells:

 Spells                   Type           Power      Damage    Failure   Level
 Sting                    Tmut/Pois      0%         1d3       50%         1
 Poisonous Vapours        Pois/Air       0%         N/A       63%         2
 Ozocubu's Armour         Ice            0%         N/A       86%         3
 Cause Fear               Hex            0%         N/A       99%         4
 Olgreb's Toxic Radiance  Pois           0%         N/A       99%         4
 Metabolic Englaciation   Hex/Ice        0%         N/A       100%        5
 Simulacrum               Ice/Necr       0%         N/A       100%        6
 Dragon Form              Tmut           0%         N/A       100%        7
 Dragon's Call            Summ           0%         N/A       100%        9


Dungeon Overview and Level Annotations

Branches:
Dungeon (3/15)

Altars:


Innate Abilities, Weirdness & Mutations

You have a beak for a mouth.
You have claws for feet.


Message History

You hear some strange, mumbled words.
You hear some strange, mumbled words.
Something tries to affect you, but you resist.
You see here a ball python corpse.
You bump into the rock wall.
You hear some strange, mumbled words.
Something tries to affect you, but you resist.
Something hits you but does no damage.
You're too confused to move!
Something hits you.
You bump into the rock wall.
Something hits you but does no damage. x2
You bump into the rock wall.
You feel less confused.
You hear some strange, mumbled words.
A magic dart appears from out of thin air!
The magic dart hits you. Something completely misses you.
You hit something. You claw something. You peck something.
Something hits you. x2
You barely miss something. Your kick misses something.
Your peck misses something. Something hits you but does no damage.
Something hits you.
You closely miss something. Your kick misses something. Something hits you.
Something barely misses you.
You hit something. Your kick misses something. Your peck misses something.
Something hits you but does no damage. Something hits you.
* * * LOW HITPOINT WARNING * * *
You barely miss something. Your peck misses something.
Something barely misses you.
You hear some strange, mumbled words.
A puff of flame appears from out of thin air!
The puff of flame misses you. Something completely misses you.
Something hits you.
* * * LOW HITPOINT WARNING * * *
You miss something. Your kick misses something. Something hits you.
* * * LOW HITPOINT WARNING * * *
Something hits you but does no damage.
Unknown command.
You hit something.
You hear some strange, mumbled words.
A magic dart appears from out of thin air!
The magic dart hits you.
You die...

,,,,,,,,*,****,****,****,****,***
,,,,,,,,#.,,,,,,,,,,,,,,,,,,,,,,,
,,,,,,,,#.#######################
,,,,,,,,.........................
,,,,,,,,......##......#####.#####
******,,..............# #.#####
*,,#.###.#.......# #......
*,,..............# #######
*,,#.###.#{@.....#
*,,#.#[#.#{###.### ****
*,,#B###,#o# #.# *,,,
*,,.....,.S# #.#**** *,,,
**,#.##*.#.# #.#,,,******,,,
*,..,,....#**,*,,,,,,,,,,,,
****,..,...,,,*,,,,,,,,,,,,
*...,...,,,',,,,,,,,,,,,
#..,....,,,*,,,,,,,,,,,,


You could see an orc priest and a ball python.

Vanquished Creatures
  2 adders (D:2)
  A dart slug (D:2)
  2 orcs (D:3)
  4 ball pythons
  3 bats
  2 endoplasms
  A giant cockroach (D:3)
  3 goblins
  7 hobgoblins
  8 jackals
  4 kobolds
  3 quokkas
  3 frilled lizards
  7 rats
50 creatures vanquished.

Notes
Turn   | Place    | Note
-------+----------+-------------------------------------------
     0 | D:1      | Iniera the Tengu Gladiator began the quest for the Orb.
     0 | D:1      | Reached XP level 1. HP: 12/12 MP: 2/2
   154 | D:1      | Reached XP level 2. HP: 17/17 MP: 3/3
   742 | D:1      | Reached XP level 3. HP: 21/21 MP: 4/4
  1018 | D:2      | HP: 1/31 [poisoned by an adder]
  1202 | D:2      | Reached XP level 4. HP: 22/26 MP: 5/5
  1252 | D:2      | Found a faded altar of an unknown god.
  1409 | D:3      | HP: 1/26 [orc priest/divine providence (15)]
  1427 | D:3      | Killed from afar by an orc wizard

Illustrated notes

Levels and vault maps discovered:
D:1:      onia_arrival_handbag, layout_basic, chequers_serial_rivers_room_b
D:2:      layout_rooms, hellmonk_ecumenical_altar_arch_garden
D:3:      minmay_door_path, layout_basic, minmay_surrounded

Skill      XL: |  1  2  3 |
---------------+----------+-----
Long Blades    | 4 |  4.9
Dodging        | 4 |  4.1
Fighting       | |  2.0
Throwing       | |  2.0

Action                     |  1- 3 |  4- 6 || total
---------------------------+-------+-------++-------
  Melee: Long sword        |    83 |    29 ||   112
         Peck              |    11 |     1 ||    12
         Kick              |    13 |    10 ||    23
         Punch             |     1 |       ||     1
    Use: Potion            |     1 |     2 ||     3
         Scroll            |       |     5 ||     5
   Stab: Sleeping          |     1 |     1 ||     2
 Armour: Leather armour    |    15 |     9 ||    24
  Dodge: Dodged            |    64 |    28 ||    92

Table legend: (Time is in decaauts)
 A = Elapsed time spent in this place.
 B = Non-inter-level travel time spent in this place.
 C = Inter-level travel time spent in this place.
 D = Time resting spent in this place.
 E = Time spent auto-exploring this place.
 F = Levels seen in this place.
 G = Mean time per level.
                   A        B        C        D        E       F      G
               +--------+--------+--------+--------+--------+-----+--------+
         Total |   1450 |   1392 |     58 |     78 |   1013 |   3 |  483.3 |
       Dungeon |   1450 |   1392 |     58 |     78 |   1013 |   3 |  483.3 |
               +--------+--------+--------+--------+--------+-----+--------+

Top non-repeatable levels by time:
     D:1: 920 daAuts
     D:2: 439 daAuts
     D:3: 89 daAuts
